Map: Jagannatha LE

Players

TheCake

  • Race: Terran Terran
  • Spawn Location: 7:00

IIIIIIIIIIII - Winner!

  • Race: Terran Terran
  • League: Diamond
  • Spawn Location: 1:00

VOD

Have the link to the VOD?

Description

Time

  • Played on: April 4, 2021, 7:40 a.m.
  • Length: 6:59
Show
View Real Time Build Order
Export as new Build Order

TheCake Terran 

Build Orders:  

Get SALT Encoding   

  12  0:03  SCV  
  13  0:15  SCV  
  13  0:18  Supply Depot  
  14  0:27  SCV  
  15  0:29  Refinery  
  15  0:40  SCV  
  16  0:52  SCV  
  16  0:55  Barracks  
  17  1:04  SCV, Refinery  
  18  1:16  SCV  
  19  1:28  SCV  
  20  1:42  Orbital Command  
  20  1:47  Reaper  
  21  1:51  Factory  
  21  2:08  SCV  
  22  2:10  Supply Depot  
  22  2:20  Reaper, SCV  
  23  2:32  SCV  
  23  2:36  Command Center  
  24  2:39  Factory Tech Lab  
  24  2:47  SCV  
  25  2:52  Reaper  
  25  2:55  Barracks  
  26  3:02  Cyclone  
  29  3:06  SCV  
  30  3:20  Starport  
  30  3:24  SCV  
  31  3:29  Supply Depot  
  31  3:38  Reaper  
  31  3:48  Siege Tank  
  31  3:50  Orbital Command  
  33  3:58  SCV  
  33  3:59  Starport Tech Lab  
  33  4:00  Barracks Reactor  
  34  4:10  SCV  
  35  4:19  Barracks Tech Lab  
  35  4:20  SCV  
  35  4:22  SCV  
  37  4:31  Supply Depot  
  37  4:32  SCV  
  37  4:34  SCV  
  37  4:37  Marine  
  40  4:38  Stimpack  
  40  4:45  Refinery, Siege Tank, SCV  
  44  4:46  SCV  
  44  4:47  Refinery  
  44  4:49  Marine x2  
  47  4:55  Marine  
  47  4:56  Supply Depot  
  47  4:57  SCV  
  47  4:58  SCV  
  50  5:06  Marine  
  51  5:12  SCV x2  
  53  5:15  Raven  
  55  5:21  Barracks  
  55  5:22  Barracks  
  55  5:32  Supply Depot  
  55  5:34  SCV x2  
  57  5:35  Marine x2  
  57  5:36  Marauder  
  57  5:40  Siege Tank  
  64  5:46  SCV  
  64  5:47  SCV  
  66  5:53  Marine  
  67  6:05  Starport Reactor  
  67  6:06  Marine  
  67  6:07  Marauder  
  67  6:08  Factory  
  67  6:09  Supply Depot  
  67  6:11  Marine  
  70  6:12  Supply Depot  
  71  6:24  Barracks Reactor x2  
  71  6:25  Marine  
  72  6:28  Marauder  
  72  6:29  Marine  
  83  6:49  Command Center  
Show
View Real Time Build Order
Export as new Build Order

IIIIIIIIIIII Terran - Winner!

Build Orders:  

Get SALT Encoding   

  12  0:00  SCV  
  13  0:13  SCV  
  14  0:17  Supply Depot  
  14  0:25  SCV  
  14  0:28  Refinery  
  15  0:39  SCV  
  16  0:45  Barracks  
  16  0:51  SCV  
  16  0:56  Refinery  
  17  1:03  SCV  
  18  1:15  SCV  
  19  1:33  Reaper  
  19  1:34  Orbital Command  
  19  1:37  Factory  
  20  1:50  Supply Depot  
  20  2:00  SCV  
  21  2:06  Reaper  
  22  2:15  SCV  
  22  2:21  Hellion  
  25  2:28  Command Center  
  25  2:31  SCV  
  26  2:39  Reaper  
  26  2:41  Supply Depot  
  26  2:43  SCV  
  28  2:46  Hellion  
  30  2:55  SCV  
  31  3:01  Starport  
  31  3:07  SCV  
  31  3:08  Factory Tech Lab  
  31  3:11  Barracks Reactor  
  32  3:19  SCV  
  33  3:20  Refinery  
  33  3:30  Cyclone  
  33  3:32  SCV  
  36  3:44  Orbital Command  
  36  3:46  Starport Tech Lab  
  36  3:49  Marine  
  36  3:50  Marine  
  37  3:56  SCV  
  38  4:05  Raven  
  38  4:06  Siege Tank  
  38  4:08  SCV  
  38  4:09  Marine x2  
  46  4:12  SCV  
  47  4:23  SCV  
  48  4:24  SCV  
  48  4:27  Supply Depot, Marine x2  
  51  4:32  Supply Depot  
  51  4:37  SCV x2  
  53  4:49  Siege Tank, SCV  
  53  4:50  Raven, Marine x2  
  53  4:52  SCV  
  62  5:01  SCV  
  62  5:03  Command Center  
  62  5:05  SCV  
  64  5:10  Marine x2  
  64  5:13  SCV  
  67  5:17  SCV  
  68  5:26  Supply Depot, Refinery  
  68  5:28  Supply Depot  
  68  5:31  SCV x2  
  70  5:42  Supply Depot  
  70  5:47  Raven, Marine x2  
  70  5:48  Siege Tank  
  77  5:51  Supply Depot  
  77  5:53  SCV x2  
  79  6:04  Barracks  
  79  6:05  SCV x2  
  79  6:06  Supply Depot, Barracks  
  83  6:15  Engineering Bay  
  83  6:16  Orbital Command  
  83  6:17  SCV x2  
  83  6:18  Engineering Bay  
  83  6:29  SCV x2  
  88  6:41  SCV x2  
Tags
 
League
Diamond
Matchup
TvT
Race
Terran
Spawn Locations
Cross Positions
Add a new tag
Caveats
  • Supply blocks, unpowered buildings, or Contaminate may cause inaccurate times.
  • Supply counts are checked every 10 seconds.